 Seeded DCSS version 0.29.1-15-g9cfb28693d (webtiles) character file.

Game seed: 1019281591211795276 (custom seed)

361 bmack86 the Chopper (level 6, -8/56 HPs)
             Began as a Minotaur Fighter on Apr 12, 2023.
             Mangled by an ogre
             ... wielding a +0 giant club
              (23 damage)
             ... on level 4 of the Dungeon.
             The game lasted 00:07:58 (3633 turns).

bmack86 the Chopper (Minotaur Fighter)              Turns: 3633, Time: 00:07:59

Health: -8/56      AC: 10    Str: 23    XL:     6   Next: 38%
Magic:  5/5        EV:  7    Int:  5    God:
Gold:   152        SH:  4    Dex:  9    Spells: 5/5 levels left

rFire   . . .      SeeInvis .   a - +1 war axe
rCold   . . .      Faith    .   c - +0 buckler
rNeg    . . .      Spirit   .   j - +0 chain mail
rPois   .          Reflect  .   p - +1 hat {Stlth+}
rElec   .          Harm     .   (no cloak)
rCorr   .          Rampage  .   (no gloves)
Will    .....                   (no boots)
Stlth   ..........              (no amulet)
HPRegen 0.18/turn               (no ring)
MPRegen 0.09/turn               (no ring)

@: no status effects
A: horns 2, retaliatory headbutt
a: no special abilities


You were on level 4 of the Dungeon.
You visited 1 branch of the dungeon, and saw 4 of its levels.

You collected 222 gold pieces.
You spent 70 gold pieces at shops.

Inventory:

Hand Weapons
 a - a +1 war axe (weapon)
Armour
 b - a +0 scale mail
 c - a +0 buckler (worn)
 j - a +0 chain mail (worn)
 p - a +1 hat of stealth (worn)
Wands
 f - a wand of polymorph (10)
 q - a wand of flame (18) (quivered)
Scrolls
 e - 3 scrolls of acquirement
 h - a scroll of magic mapping {unknown}
 k - 4 scrolls of teleportation
 m - a scroll of immolation {unknown}
 n - a scroll of silence {unknown}
 o - a scroll of fear
 s - a scroll of amnesia {unknown}
Potions
 d - a potion of might
 g - a potion of haste {unknown}
 i - 2 potions of curing
 l - a potion of magic {unknown}
 r - a potion of heal wounds


   Skills:
 + Level 5.0 Fighting
 * Level 5.5 Axes
 + Level 5.1 Armour
 + Level 5.0 Shields


You had 5 spell levels left.
You didn't know any spells.
Your spell library contained the following spells:

 Spells                   Type           Power      Damage    Failure   Level
 Apportation              Tloc           0%         N/A       99%         1
 Necrotise                Necr           0%         1d4       99%         1
 Summon Small Mammal      Summ           0%         N/A       99%         1
 Ensorcelled Hibernation  Hex/Ice        0%         N/A       100%        2
 Spider Form              Tmut/Pois      0%         N/A       100%        3
 Anguish                  Hex/Necr       0%         N/A       100%        4


Dungeon Overview and Level Annotations

Branches:
Dungeon (4/15)
 Temple: D:4-7

Altars:

Shops:
D:2 ?

Annotations:
D:3 2 transporters


Innate Abilities, Weirdness & Mutations

You have a pair of horns on your head.
You reflexively headbutt those who attack you in melee.


Message History

An iguana comes into view.
The iguana hisses angrily.
Found 3 gold pieces and 8 stones.
There is a large open door here.
The iguana barely misses you.
You see here 3 gold pieces.
You barely miss the iguana. The iguana bites you. x2
You slash the iguana! You headbutt the iguana.
You kill the iguana!
Your Fighting skill increases to level 5!
Your Shields skill increases to level 5!
You now have 152 gold pieces (gained 3).
Found a scroll of teleportation.
k - 4 scrolls of teleportation (gained 1)
A giant cockroach comes into view.
You slash the giant cockroach!
You kill the giant cockroach!
You see here a giant cockroach corpse.
You start resting.
HP restored.
There is a large open door here.
An adder and a giant cockroach come into view.
The adder hisses angrily.
You hear a shout!
An ogre comes into view. It is wielding a +0 giant club.
The adder barely misses you. You furiously retaliate!
You headbutt the adder!
You kill the adder!
You barely miss the giant cockroach. You block the giant cockroach's attack.
You slash the giant cockroach!
You kill the giant cockroach!
The ogre hits you with a +0 giant club!!
You hit the ogre.
The ogre is lightly wounded.
You closely miss the ogre.
The ogre is lightly wounded.
The ogre hits you with a +0 giant club!!
* * * LOW HITPOINT WARNING * * *
You hit the ogre.
The ogre is lightly wounded.
The ogre hits you with a +0 giant club!!
You die...

#.#######
#.~.~≈.~..#
#.......#
#P~~≈≈~...#
#######.##
#P~~~♣~~P.#
#>...
#.~..~~~#.#
#..## #.P.~.P
..# #####..##
#.#..P #.#
#......##
#...†####.#
#.###.##.
#.O@...# #.#
###.. ######.#
#.# #... #.#
#.## #... #.#
#..###...
#.#####....'...
#.......##.'...
############...
#... #...


You could see an ogre.

Vanquished Creatures
  Grinder (D:3)
  A jelly (D:4)
  An iguana (D:4)
  4 adders
  A worm (D:4)
  A dart slug (D:3)
  10 ball pythons
  5 bats
  5 endoplasms
  7 giant cockroaches
  7 goblins
  5 hobgoblins
  7 kobolds
  3 quokkas
  8 frilled lizards
  6 rats
72 creatures vanquished.

Vanquished Creatures (others)
  10 fungi (D:1)
  12 plants
22 creatures vanquished.

Grand Total: 94 creatures vanquished

Notes
Turn   | Place    | Note
-------+----------+-------------------------------------------
     0 | D:1      | bmack86 the Minotaur Fighter began the quest for the Orb.
     0 | D:1      | Reached XP level 1. HP: 19/19 MP: 0/0
   277 | D:1      | Reached XP level 2. HP: 27/27 MP: 1/1
   774 | D:1      | Found a faded altar of an unknown god.
  1142 | D:1      | Reached XP level 3. HP: 31/33 MP: 2/2
  1244 | D:2      | Found Seuseagikh's Magic Scroll Shoppe.
  1252 | D:2      | Bought a scroll of identify for 28 gold pieces
  1252 | D:2      | Bought a scroll of teleportation for 42 gold pieces
  1812 | D:3      | Found a transporter.
  1893 | D:3      | Identified 4 scrolls of acquirement
  1893 | D:3      | Acquired a +1 hat of stealth
  1930 | D:3      | Found a transporter.
  2126 | D:3      | Reached XP level 4. HP: 40/40 MP: 3/3
  2398 | D:3      | Noticed Grinder
  2401 | D:3      | Paralysed by Grinder for 2 turns
  2411 | D:3      | Paralysed by Grinder for 4 turns
  2415 | D:3      | Killed Grinder
  2416 | D:3      | Reached skill level 5 in Axes
  2416 | D:3      | Reached XP level 5. HP: 19/47 MP: 4/4
  2416 | D:3      | Reached XP level 6. HP: 22/55 MP: 5/5
  3353 | D:4      | Reached skill level 5 in Armour
  3544 | D:4      | Reached skill level 5 in Fighting
  3544 | D:4      | Reached skill level 5 in Shields
  3633 | D:4      | Mangled by an ogre

Illustrated notes

Levels and vault maps discovered:
D:1:      wander_arrival_lonely_grave, layout_basic,
          shapermc_ecumenical_altar_hornbeckon, minmay_small_reverse_x
D:2:      layout_rooms, serial_shops, nicolae_shop_advertising_works
          [nicolae_subvault_shop_adworks]
D:3:      layout_basic, gammafunk_ghost_gnarly_gnolls, uniq_grinder
D:4:      layout_loops_ring, serial_bayou_pond_b, grunt_decor_mini_mirrors,
          kennysheep_big_empty_room

Skill      XL: |  1  2  3  4  5  6 |
---------------+-------------------+-----
Axes           | 3 5 |  5.5
Armour         | 4 5 |  5.1
Fighting       | 4 5 |  5.0
Shields        | 4 5 |  5.0

Action                   |  1- 3 |  4- 6 || total
-------------------------+-------+-------++-------
Melee: War axe           |   144 |    54 ||   198
       Headbutt          |    21 |     7 ||    28
  Use: Scroll            |     1 |     4 ||     5
Armor: Scale mail        |     7 |       ||     7
       Chain mail        |    81 |    20 ||   101
Dodge: Dodged            |    61 |    16 ||    77
Block: Buckler           |    41 |     8 ||    49
